 Dungeon Crawl Stone Soup version 0.28-a0-872-g80cf8599ee (webtiles) character file.

Game seed: 8660806490917722035

2021 ders the Geomancer (level 9, -1/45 HPs)
             Began as a Gargoyle Earth Elementalist on Nov 20, 2021.
             Was a Follower of Vehumet.
             Slain by an orc warrior (4 damage)
             ... on level 7 of the Dungeon.
             The game lasted 00:09:46 (6349 turns).

ders the Geomancer (Gargoyle Earth Elementalist)    Turns: 6349, Time: 00:09:46

Health: -1/45      AC:  9    Str: 11    XL:     9   Next: 23%
Magic:  18/18      EV: 11    Int: 20    God:    Vehumet [*.....]
Gold:   357        SH:  0    Dex: 10    Spells: 11/21 levels left

rFire   + . .      SeeInvis .   q - +3 dagger (venom)
rCold   x . .      Faith    .   (no shield)
rNeg    + . .      Spirit   .   b - +1 robe
rPois   ∞          Reflect  .   (no helmet)
rElec   +          Harm     .   i - scarf {repulsion}
rCorr   .          Rampage  .   (no gloves)
Will    .....                   (no boots)
Stlth   +.........              o - amulet of magic regeneration
HPRegen 0.15/turn               f - ring of fire
MPRegen 0.41/turn               (no ring)

@: confused, repel missiles
A: sickness immunity, AC +6, negative energy resistance 1, electricity
resistance, torment resistance 1, petrification resistance
a: Renounce Religion


You were on level 7 of the Dungeon.
You worshipped Vehumet.
Vehumet was aware of your devotion.
You visited 2 branches of the dungeon, and saw 8 of its levels.

You collected 439 gold pieces.
You spent 82 gold pieces at shops.

Inventory:

Hand Weapons
 q - a +3 dagger of venom (weapon)
Missiles
 v - 91 stones
Armour
 b - a +1 robe (worn)
 i - a scarf of repulsion (worn)
 r - the +5 scale mail of the Louse {+Blink Str+3}
   (You found it on level 4 of the Dungeon)

   Str:       It affects your strength (+3).
   +Blink:    It lets you blink.
Jewellery
 f - a ring of fire (left hand)
 o - an amulet of magic regeneration (around neck)
 y - a ring of wizardry
Wands
 l - a wand of paralysis (4)
Scrolls
 d - a scroll of blinking
 x - a scroll of enchant weapon {unknown}
 A - a scroll of brand weapon
Potions
 a - 2 potions of curing
 e - a potion of might {unknown}
 g - a potion of flight {unknown}
 h - a potion of haste {unknown}
 j - 2 potions of heal wounds
 m - a potion of attraction {unknown}
 p - 4 potions of resistance
 s - a potion of magic {unknown}
 u - a potion of berserk rage {unknown}
 z - a potion of ambrosia {unknown}
Miscellaneous
 c - a piece from Xom's chessboard (15/15)


   Skills:
 - Level 1.5 Dodging
 - Level 2.1 Stealth
 + Level 6.5 Spellcasting
 + Level 7.3 Conjurations
 - Level 0.7 Transmutations
 + Level 9.0 Earth Magic


You had 11 spell levels left.
You knew the following spells:

 Your Spells              Type           Power      Damage    Failure   Level
a - Sandblast             Erth           84%        2d18      1%          1
b - Stone Arrow           Conj/Erth      78%        3d11      1%          3
c - Iron Shot             Conj/Erth      19%        9d4       47%         6

Your spell library contained the following spells:

 Spells                   Type           Power      Damage    Failure   Level
 Foxfire                  Conj/Fire      100%       2x1d9     2%          1
 Passwall                 Tmut/Erth      21%        N/A       1%          2
 Searing Ray              Conj           70%        2d7       1%          2
 Dazzling Flash           Conj/Hex       42%        N/A       7%          3
 Animate Skeleton         Necr           12%        N/A       10%         1
 Pain                     Necr           24%        1d5       10%         1
 Petrify                  Tmut/Erth      26%        N/A       13%         4
 Ensorcelled Hibernation  Hex/Ice        12%        N/A       16%         2
 Spider Form              Tmut/Pois      7%         N/A       26%         3
 Vampiric Draining        Necr           6%         2d6       30%         3
 Conjure Ball Lightning   Conj/Air       10%        3x3d6     98%         6
 Lehudib's Crystal Spear  Conj/Erth      19%        10d6      100%        8


Dungeon Overview and Level Annotations

Branches:
Dungeon (7/15)             Temple (1/1) D:4

Altars:
Ashenzari
Cheibriados
Dithmenos
Fedhas
Hepliaklqana
Makhleb
Nemelex Xobeh
Okawaru
Qazlal
Ru
Trog
Uskayaw
Vehumet
Wu Jian
Xom
The Shining One

Shops:
D:1 (![**   D:5 *(


Innate Abilities, Weirdness & Mutations

You are immune to sickness and miasma.
Your stone body is resilient. (AC +6)
You are immune to poison.
You resist negative energy. (rN+)
You are resistant to electric shocks. (rElec)
You are resistant to unholy torment.
You are immune to petrification.


Message History

Confirm with . or Enter, or press ? or * to list all spells.
You can't see any susceptible monsters within range! (Use Z to cast anyway.)
An orc warrior comes into view. It is wielding a +0 vorpal glaive.
The orc wizard shouts!
The orc warrior shouts!
Casting: Stone Arrow (safe; 1% risk of failure)
Confirm with . or Enter, or press ? or * to list all spells.
Aiming: Stone Arrow (safe; 1% risk of failure)
Press: ? - help, Shift-Dir - straight line, f - orc
Aim: an orc, wielding a +0 whip and wearing a +0 ring mail (77% to hit)
The stone arrow hits the orc!
You kill the orc!
Vehumet accepts your kill.
An orc wizard comes into view. It is wielding a +0 dagger.
Unknown command.
The orc wizard shouts!
The orc wizard gestures at you while chanting.
You are confused.
An orc comes into view. It is wielding a +0 club.
You're too confused to cast spells.
You're too confused to cast spells.
The orc wizard mumbles some strange words.
The orc wizard flickers and vanishes!
Deactivating autopickup; reactivate with Ctrl-A.
The orc wizard mumbles some strange words.
The orc wizard flickers and vanishes!
An orc wizard comes into view. It is wielding a +0 dagger.
The orc wizard shouts!
You are more confused.
The orc warrior misses you.
You're too confused to move!
The orc warrior hits you from afar with a +0 vorpal glaive.
A magic dart appears from out of thin air!
The magic dart hits you but does no damage.
The orc wizard points at you and mumbles some strange words.
The magic dart hits you but does no damage.
The orc warrior hits you from afar with a +0 vorpal glaive!!
You bump into the rock wall.
The orc warrior hits you from afar with a +0 vorpal glaive!
* * * LOW HITPOINT WARNING * * *
You die...

........$....##
#.##....)......
#.##...?.....#
#.##.........#
#.##.........#
#.{o...o....##
#.o############## #..#
#......... #.###@.#
#.........
#......#####.........
...#.##.#..............
# #.#.###..........
#.#.#............
<.#.#.##.........
#.#.#.#.....##...
..#.#.#.###.# ..
..#.#.#.# .# .


You could see an orc warrior and an orc.

Vanquished Creatures
  A two-headed ogre (D:6)
  Eustachio (D:5)
  A black bear (D:4)
  A hornet zombie (D:6)
  3 ogres
  2 centaurs (D:5)
  A phantom (D:3)
  A bullfrog (D:6)
  2 scorpions
  A water moccasin skeleton (D:5)
  A howler monkey (D:5)
  A centaur zombie (D:5)
  3 hounds
  A bullfrog skeleton (D:5)
  2 centaur skeletons (D:6)
  An orc wizard (D:6)
  6 adders
  2 worms (D:3)
  3 dart slugs
  4 orcs
  2 ball pythons
  5 bats
  9 endoplasms
  2 giant cockroaches
  9 goblins
  5 hobgoblins
  7 jackals
  6 kobolds
  3 quokkas
  3 frilled lizards (D:3)
  4 rats
93 creatures vanquished.

Vanquished Creatures (others)
  9 plants
9 creatures vanquished.

Grand Total: 102 creatures vanquished

Notes
Turn   | Place    | Note
-------+----------+-------------------------------------------
     0 | D:1      | ders the Gargoyle Earth Elementalist began the quest for
                  | the Orb.
     0 | D:1      | Reached XP level 1. HP: 10/10 MP: 3/3
    19 | D:1      | Found Tebaos's Weapon Emporium.
    81 | D:1      | Found Ineziner's General Store.
   202 | D:1      | Bought a scroll of blinking for 82 gold pieces
   210 | D:1      | Reached XP level 2. HP: 15/15 MP: 3/5
   252 | D:1      | Found Gabarchac's Armour Shop.
   372 | D:1      | Reached skill level 1 in Conjurations
   400 | D:1      | Found Gyejeple's Assorted Antiques.
   533 | D:1      | Found Otrovvy's Distillery.
   746 | D:1      | Reached skill level 4 in Earth Magic
   894 | D:2      | Reached XP level 3. HP: 13/19 MP: 2/6
   898 | D:2      | Learned a level 3 spell: Stone Arrow
   998 | D:2      | Found a faded altar of an unknown god.
  1220 | D:2      | Found a stormy altar of Qazlal.
  1554 | D:2      | Reached XP level 4. HP: 20/24 MP: 3/8
  2006 | D:3      | Noticed a scorpion
  2006 | D:3      | Noticed a phantom
  2146 | D:3      | Killed a scorpion
  2147 | D:3      | Reached skill level 5 in Earth Magic
  2147 | D:3      | Reached XP level 5. HP: 17/28 MP: 0/9
  2214 | D:3      | Killed a phantom
  2517 | D:3      | Found an iron altar of Okawaru.
  3158 | D:4      | Found a hazy altar of Hepliaklqana.
  3166 | D:4      | Identified the +5 scale mail of the Louse {+Blink Str+3}
  3189 | D:4      | Reached XP level 6. HP: 28/32 MP: 7/11
  3269 | D:4      | Found a staircase to the Ecumenical Temple.
  3314 | Temple   | Entered the Ecumenical Temple
  3645 | Temple   | Became a worshipper of Vehumet
  3714 | D:4      | Noticed a black bear
  3720 | D:4      | Killed a black bear
  3721 | D:4      | Reached skill level 6 in Earth Magic
  3784 | D:4      | Reached XP level 7. HP: 36/36 MP: 1/13
  4379 | D:5      | Entered Level 5 of the Dungeon
  4458 | D:5      | Reached skill level 5 in Conjurations
  4527 | D:5      | Reached skill level 7 in Earth Magic
  4591 | D:5      | Reached XP level 8. HP: 39/41 MP: 8/15
  4658 | D:5      | Found Eschits's Gadget Gallery.
  4688 | D:5      | Reached skill level 5 in Spellcasting
  4810 | D:5      | Noticed Eustachio
  4817 | D:5      | Killed Eustachio
  4888 | D:5      | Found Zoawot's Weapon Shoppe.
  5644 | D:6      | Noticed a two-headed ogre
  5650 | D:6      | Killed a two-headed ogre
  5651 | D:6      | Reached skill level 8 in Earth Magic
  5651 | D:6      | Reached XP level 9. HP: 45/45 MP: 5/18
  5707 | D:6      | Identified a scroll of acquirement
  5707 | D:6      | Acquired Iskenderun's Catalogue of the Salamander
  5716 | D:6      | Learned a level 6 spell: Iron Shot
  5861 | D:6      | Found a blossoming altar of Fedhas.
  6058 | D:6      | Reached skill level 9 in Earth Magic
  6101 | D:6      | Reached * piety under Vehumet
  6101 | D:6      | Offered knowledge of Foxfire by Vehumet.
  6200 | D:6      | Found a sparkling altar of Nemelex Xobeh.
  6202 | D:6      | Found a burning altar of Makhleb.
  6203 | D:6      | Found a snail-covered altar of Cheibriados.
  6349 | D:7      | Slain by an orc warrior

Illustrated notes

Levels and vault maps discovered:
D:1:      psy_arrival_conway, layout_basic, serial_shops, nicolae_diamond_shop,
          shop, nicolae_diamond_shop, shop_coins, shop
D:2:      layout_loops_ring, ebering_ecumenical_altar_ruins, basic_altar,
          serial_park_tiny_1
D:3:      layout_loops_ring, overflow_temple_1_default, nrook_loot_triangle,
          grunt_decor_resistance, st_stairs_12, kennysheep_flooded_box,
          serial_bayou_lagoon_a, amethyst_killhole, skrybe_limestone_x,
          minmay_diced_spiral
D:4:      layout_loops_ring, nicolae_hepliaklqana_hazy_memory,
          minmay_temple_entry_junction_2
D:5:      layout_loops_ring, serial_rivers, chequers_serial_rivers_micro_d,
          chequers_serial_rivers_micro_c, chequers_serial_rivers_room_b,
          chequers_serial_rivers_room_a, chequers_serial_rivers_micro_a,
          serial_shops, nicolae_shop_waterfront, nicolae_shop_gadgets,
          uniq_eustachio
D:6:      layout_loops_ring, minitemple
D:7:      layout_basic
Temple:   compressed_dpeg_triangle_lava_temple

Skill      XL: |  1  2  3  4  5  6  7  8  9 |
---------------+----------------------------+-----
Conjurations   | 1 2 3 4 5 7 |  7.3
Earth Magic    | 4 5 6 7 8 9 |  9.0
Spellcasting   | 3 4 6 |  6.5
Dodging        | |  1.5
Stealth        | |  2.1
Transmutations | |  0.7

Action                   |  1- 3 |  4- 6 |  7- 9 || total
-------------------------+-------+-------+-------++-------
Melee: Dagger            |    11 |     7 |       ||    18
       Unarmed           |     3 |       |       ||     3
 Cast: Sandblast         |    51 |    26 |     4 ||    81
       Stone Arrow       |       |    17 |    63 ||    80
Evoke: Piece from Xom's  |       |       |     1 ||     1
  Use: Scroll            |     1 |     2 |     7 ||    10
Armor: Robe              |    17 |    11 |     9 ||    37
Dodge: Dodged            |    40 |    15 |    16 ||    71

Table legend: (Time is in decaauts)
 A = Elapsed time spent in this place.
 B = Non-inter-level travel time spent in this place.
 C = Inter-level travel time spent in this place.
 D = Time resting spent in this place.
 E = Time spent auto-exploring this place.
 F = Levels seen in this place.
 G = Mean time per level.
                   A        B        C        D        E       F      G
               +--------+--------+--------+--------+--------+-----+--------+
         Total |   6383 |   6060 |    323 |   1055 |   4325 |   8 |  797.9 |
       Dungeon |   6040 |   5744 |    296 |   1055 |   4019 |   7 |  862.9 |
        Temple |    342 |    315 |     27 |      0 |    306 |   1 |  342.0 |
               +--------+--------+--------+--------+--------+-----+--------+

Top non-repeatable levels by time:
     D:3: 1180 daAuts
     D:2: 1078 daAuts
     D:4: 1052 daAuts
     D:6: 943 daAuts
     D:5: 907 daAuts
     D:1: 838 daAuts
  Temple: 342 daAuts
     D:7: 39 daAuts
